 Dungeon Crawl Stone Soup version 0.26-a0-720-g2a1d101370 (webtiles) character file.

Game seed: 11606674829934682924

72 Melum the Sneak (level 4, 0/35 HPs)
             Began as a Demonspawn Delver on Nov 2, 2020.
             Succumbed to a scorpion's poison
             ... on level 5 of the Dungeon.
             The game lasted 00:05:53 (758 turns).

Melum the Sneak (Demonspawn Delver)                  Turns: 758, Time: 00:05:54

Health: 0/35       AC:  3    Str: 13    XL:     4   Next: 6%
Magic:  4/4        EV: 12    Int: 12    God:
Gold:   24         SH:  0    Dex: 14    Spells: 3/3 levels left

rFire    . . .     SeeInvis .   i - +0 glaive
rCold    . . .     Faith    .   (shield currently unavailable)
rNeg     . . .     Spirit   .   b - +0 leather armour
rPois    .         Reflect  .   (no helmet)
rElec    .         Harm     .   (no cloak)
rCorr    .         Rampage  .   (no gloves)
MR       .....                  (no boots)
Stlth    ++........             (no amulet)
HPRegen  0.11/turn              (no ring)
MPRegen  0.09/turn              (no ring)

@: lethally poisoned (0 -> -21)
A: powered by death 1
a: no special abilities


You were on level 5 of the Dungeon.
You visited 1 branch of the dungeon, and saw 2 of its levels.

You collected 24 gold pieces.

Inventory:

Hand Weapons
 a - a +0 hand axe
 i - a +0 glaive (weapon)
 j - a +0 antimagic hand axe
Armour
 b - a +0 leather armour (worn)
 h - the +1 robe of Qeocvod {rPois rF+ rN+ Str-3}
   (You found it on level 5 of the Dungeon)

   It affects your strength (-3).
   It protects you from fire.
   It protects you from poison.
   It protects you from negative energy.
Wands
 g - a wand of digging (3)
Scrolls
 c - 2 scrolls of fog
 d - 2 scrolls of magic mapping
 e - a scroll of fear
Potions
 f - a potion of haste


   Skills:
 - Level 3.0 Fighting
 + Level 4.0 Axes
 - Level 1.7 Dodging
 - Level 4.5 Stealth


You had 3 spell levels left.
You didn't know any spells.
Your spell library was empty.

Dungeon Overview and Level Annotations

Branches:
Dungeon (5/15)
 Temple: D:4-7

Altars:

Shops:
D:5 (


Innate Abilities, Weirdness & Mutations

You regenerate a little health from kills.


Message History

The scorpion is severely wounded.
* * * LOW HITPOINT WARNING * * *
You feel sick. The scorpion stings you!
* * * LOW HITPOINT WARNING * * *
You are more poisoned.
The scorpion poisons you!
Okay, then.
As you read the scroll of fear, it crumbles to dust.
You assume a fearsome visage.
The scorpion looks frightened!
* * * LOW HITPOINT WARNING * * *
You feel sick.
Attack whom?
Press: ? - help, Dir - move target cursor, f/p - scorpion
Aim: a scorpion (severely wounded, fleeing)
You reach to attack!
You closely miss the scorpion.
The scorpion is severely wounded.
* * * LOW HITPOINT WARNING * * *
You feel very sick.
Keep disrobing?
You die...

#.#.#############
#...............#
###.###########.#
#.# ##.#.# ....#
#....# #####
##.### #.#
#.##########
#...@...s...
############


You could see a scorpion (fleeing).

Vanquished Creatures
  A howler monkey (D:5)
  A worker ant (D:5)
  A worm (D:5)
  An orc (D:5)
  4 jackals (D:5)
  A quokka zombie (D:5)
9 creatures vanquished.

Notes
Turn   | Place    | Note
-------+----------+-------------------------------------------
     0 | D:5      | Melum the Demonspawn Delver began the quest for the Orb.
     0 | D:5      | Reached XP level 1. HP: 18/18 MP: 1/1
   141 | D:5      | Got a thick robe
   249 | D:5      | Identified the +1 robe of Qeocvod {rPois rF+ rN+ Str-3}
                  | (You found it on level 5 of the Dungeon)
   374 | D:5      | Noticed an ice beast
   427 | D:5      | Gained mutation: You regenerate a little health from kills.
                  | [demonic ancestry]
   427 | D:5      | Reached XP level 2. HP: 24/24 MP: 2/2
   438 | D:5      | Found Iceehadd's Antique Weapon Emporium.
   490 | D:5      | Noticed a howler monkey
   498 | D:5      | Killed a howler monkey
   498 | D:5      | Reached XP level 3. HP: 26/29 MP: 3/3
   525 | D:5      | Reached XP level 4. HP: 19/35 MP: 4/4
   758 | D:5      | Succumbed to a scorpion's poison

Illustrated notes

Levels and vault maps discovered:
D:4:      layout_loops_ring
D:5:      layout_basic, serial_shops, shop, uniq_eustachio

Skill      XL: |  1  2  3 |
---------------+----------+-----
Axes           | 2 3 4 |  4.0
Fighting       | |  3.0
Dodging        | |  1.7
Stealth        | |  4.5

Action                   |  1- 3 |  4- 6 || total
-------------------------+-------+-------++-------
Melee: Hand axe          |    26 |       ||    26
       Glaive            |    25 |     6 ||    31
  Use: Scroll            |       |     1 ||     1
Armor: Leather armour    |    11 |       ||    11
Dodge: Dodged            |    41 |       ||    41

Table legend: (Time is in decaauts)
 A = Elapsed time spent in this place.
 B = Non-inter-level travel time spent in this place.
 C = Inter-level travel time spent in this place.
 D = Time resting spent in this place.
 E = Time spent auto-exploring this place.
 F = Levels seen in this place.
 G = Mean time per level.
                   A        B        C        D        E       F      G
               +--------+--------+--------+--------+--------+-----+--------+
         Total |    782 |    771 |     11 |    187 |     51 |   2 |  391.0 |
       Dungeon |    782 |    771 |     11 |    187 |     51 |   2 |  391.0 |
               +--------+--------+--------+--------+--------+-----+--------+

Top non-repeatable levels by time:
     D:5: 774 daAuts
     D:4: 7 daAuts
